 Dungeon Crawl Stone Soup version 0.18-a0-1702-gd20c6a5 (webtiles) character file.

1572 M4edhros the Stinger (level 8, -1/87 HPs)
             Began as an Octopode Wanderer on Apr 8, 2016.
             Was an Initiate of Gozag.
             Killed from afar by an orc wizard (7 damage)
             ... with a puff of flame
             ... on level 6 of the Dungeon.
             The game lasted 00:09:25 (6008 turns).

M4edhros the Stinger (Octopode Wanderer)            Turns: 6008, Time: 00:09:27

Health: -1/87      AC:  1    Str: 16 (17) XL:     8   Next: 90%
Magic:  23/24      EV: 12    Int: 15      God:    Gozag
Gold:   763        SH:  5    Dex: 12      Spells: 2 memorised, 13 levels left

rFire  . . .     SeeInvis .     a - +2 mace
rCold  + . .     Gourm    .     c - +0 buckler
rNeg   . . .     Faith    .     (helmet restricted)
rPois  .         Spirit   .     (no amulet)
rElec  .         Dismiss  .     e - ring of magical power
rCorr  .         Reflect  .     r - ring of wizardry
SustAt .         Harm     .     (no ring)
MR     .....     Clarity  +     (no ring)
Stlth  ..........               (no ring)
                                (no ring)
                                (no ring)
                                (no ring)

@: berserking (expiring), lethally poisoned (-1 -> -3), gold aura, very quick,
not resistant to hostile enchantments, extremely unstealthy
A: almost no armour, amphibious, 8 rings, constrict 8, camouflage 1, clarity,
cold resistance 1, deterioration 1, gelatinous body 1
a: Potion Petition, Call Merchant, Bribe Branch, Renounce Religion


You were on level 6 of the Dungeon.
You worshipped Gozag.
Gozag was noncommittal.
You were not hungry.

You visited 1 branch of the dungeon, and saw 6 of its levels.

You collected 793 gold pieces.
You paid 30 gold pieces to Gozag.

Inventory:

Hand Weapons
 a - a +2 mace (weapon)
 n - a +0 hunting sling
 w - a +0 greatsling
Missiles
 f - 139 stones (quivered)
 q - 49 sling bullets
Armour
 c - a +0 buckler (worn)
Jewellery
 e - a ring of magical power (left tentacle)
 r - a ring of wizardry (right tentacle)
Scrolls
 g - a scroll of teleportation
 h - a scroll of blinking
 k - 2 scrolls of remove curse
 l - 3 scrolls of magic mapping
 m - 2 scrolls of amnesia
 o - a scroll of identify
 p - 2 scrolls of enchant armour
Potions
 i - a potion of flight
 v - a potion of brilliance {unknown}
Books
 b - the Almanac of Venom

   Spells                             Type                      Level
   a - Sting                          Conjuration/Poison           1
   b - Ignite Poison                  Fire/Transmutation/Poison    3
Comestibles
 d - a bread ration
 j - 3 meat rations
 u - a beef jerky


   Skills:
 - Level 6.5 Fighting
 - Level 3.0 Maces & Flails
 * Level 1.5 Slings
 * Level 1.5 Dodging
 - Level 1.3 Stealth
 - Level 5.0 Shields
 - Level 5.0 Spellcasting
 + Level 1.0 Conjurations
 - Level 7.3 Poison Magic


You had 13 spell levels left.
You knew the following spells:

 Your Spells              Type           Power        Failure   Level  Hunger
a - Sting                 Conj/Pois      ###.         1%          1    None
b - Ignite Poison         Fire/Trmt/Pois ##......     9%          3    ###....


Dungeon Overview and Level Annotations

Branches:
Dungeon (6/15)
 Temple: D:4-7

Altars:
Ashenzari
Gozag
Pakellas
Sif Muna

Annotations:
D:3 dvd's ghost, amateur NaFE


Innate Abilities, Weirdness & Mutations

You cannot wear most types of armour.
You are amphibious.
You can wear up to eight rings at the same time.
You can use your tentacles to constrict eight enemies at once.
Your skin changes colour to match your surroundings (Stealth).
Your rubbery body absorbs attacks (AC +1).
You possess an exceptional clarity of mind.
Your flesh is cold resistant.
Your body sometimes deteriorates upon taking damage.


Message History

* * * LOW HITPOINT WARNING * * *
You sock the water moccasin!
The water moccasin is almost dead.
You constrict the water moccasin, but do no damage.
The orc barely misses you. The water moccasin bites you!
* * * LOW HITPOINT WARNING * * *
You hit the water moccasin.
You kill the water moccasin!
Your Slings skill increases to level 1!
Your Dodging skill increases to level 1!
Your Conjurations skill increases to level 1!
You feel sick. The orc barely misses you.
You see here 6 gold pieces.
You barely miss something. The orc hits you with a trident.
* * * LOW HITPOINT WARNING * * *
You hear some strange, mumbled words.
A puff of flame appears from out of thin air!
The puff of flame hits you!
You die...
Your body crumbles into a pile of gold.

.......#......#######
####...######.....#
#......# #.......#
.(####.#....# #.#$....#
#........##.####.###.###
...####.###.##...# #.#
#...###.###....### #.#
#....$...o{### #.#
###..#.###@# #.# ##...#
#$## #.# #..## #.$# #.#
.....$.o....##.### #.#
.....o..###.##...####.#
....o...#
####......########
........#
#.#####.........
...o....#
#...###.##......
........#
###.....##......


You could see an orc.

Vanquished Creatures
  Grinder (D:5)
  Sigmund (D:2)
  A water moccasin (D:6)
  A black bear (D:6)
  A necrophage (D:4)
  3 ogres
  A scorpion (D:5)
  A jelly (D:5)
  A hound (D:5)
  Crazy Yiuf (D:2)
  A centaur skeleton (D:6)
  A giant frog skeleton (D:5)
  2 orc priests
  7 worker ants
  An iguana (D:3)
  A hound skeleton (D:4)
  2 howler monkey zombies (D:5)
  10 adders
  An ooze (D:4)
  3 worms
  4 giant geckos
  11 orcs
  7 bats
  2 giant cockroaches
  3 goblins
  6 hobgoblins
  12 jackals
  A quokka (D:3)
  4 ball pythons
  A giant gecko skeleton (D:5)
  4 giant newts
  6 kobolds
  7 rats
109 creatures vanquished.

Notes
Turn   | Place    | Note
--------------------------------------------------------------
     0 | D:1      | M4edhros the Octopode Wanderer began the quest for the Orb.
     0 | D:1      | M4edhros set off with: a +2 mace, the Almanac of Venom, a +0 buckler, a bread ration
     0 | D:1      | Reached XP level 1. HP: 11/11 MP: 6/6
     0 | D:1      | Identified the Almanac of Venom
     2 | D:1      | Learned a level 1 spell: Sting
   177 | D:1      | Reached XP level 2. HP: 2/17 MP: 8/8
  1153 | D:2      | Reached XP level 3. HP: 11/22 MP: 9/9
  1442 | D:2      | Reached skill level 1 in Fighting
  1551 | D:2      | Noticed Crazy Yiuf
  1810 | D:2      | Noticed Sigmund
  1821 | D:2      | Killed Sigmund
  1821 | D:2      | Reached skill level 3 in Poison Magic
  1821 | D:2      | Reached XP level 4. HP: 5/30 MP: 11/11
  1821 | D:2      | Reached XP level 5. HP: 6/36 MP: 12/12
  1821 | D:2      | Reached XP level 6. HP: 7/41 MP: 13/13
  2177 | D:2      | Found an opulent altar of Gozag.
  2254 | D:2      | Became a worshipper of Gozag Ym Sagoz the Greedy
  2287 | D:2      | Found a deep blue altar of Sif Muna.
  2559 | D:2      | Killed Crazy Yiuf
  2987 | D:3      | Gained mutation: You possess an exceptional clarity of mind. [potion of mutation]
  2987 | D:3      | Gained mutation: Your flesh is cold resistant. [potion of mutation]
  2987 | D:3      | Gained mutation: Your body sometimes deteriorates upon taking damage. [potion of mutation]
  3156 | D:3      | Noticed dvd's ghost (amateur NaFE)
  3271 | D:3      | Learned a level 3 spell: Ignite Poison
  3534 | D:3      | Found an oddly glowing altar of Pakellas.
  4036 | D:4      | Reached skill level 4 in Poison Magic
  4262 | D:4      | Reached XP level 7. HP: 41/47 MP: 14/14
  4722 | D:5      | Entered Level 5 of the Dungeon
  4806 | D:5      | Reached skill level 5 in Shields
  4806 | D:5      | Reached skill level 5 in Poison Magic
  4856 | D:5      | Found a shattered altar of Ashenzari.
  4918 | D:5      | Noticed Grinder
  4938 | D:5      | Reached skill level 5 in Fighting
  4938 | D:5      | Reached XP level 8. HP: 30/54 MP: 15/15
  5088 | D:5      | Reached skill level 6 in Poison Magic
  5289 | D:5      | Killed Grinder
  5289 | D:5      | Reached skill level 7 in Poison Magic
  6006 | D:6      | Reached skill level 1 in Slings
  6006 | D:6      | Reached skill level 1 in Dodging
  6006 | D:6      | Reached skill level 1 in Conjurations
  6008 | D:6      | Killed from afar by an orc wizard

Vault maps used:
D:1:      nicolae_arrival_memento_mori
D:2:      lemuel_round_altar, nicolae_gozag_cash_rules_everything_around_me,
          uniq_sigmund, uniq_crazy_yiuf_cottage
D:3:      grunt_pakellas_salt
D:4:      first_bread
D:5:      ashenzari_altar_1, uniq_grinder
D:6:      marbit_many_paths, minmay_temple_entry_large_hall, basic_altar

Skill      XL: |  1  2  3  4  5  6  7  8 |
---------------+-------------------------+-----
Shields        | 2 3 4 5 |  5.0
Fighting       | 2 3 5 6 |  6.5
Poison Magic   | 3 4 5 7 |  7.3
Slings         | 1 |  1.5
Dodging        | 1 |  1.5
Conjurations   | 1 |  1.0
Maces & Flails | |  3.0
Stealth        | |  1.3
Spellcasting   | |  5.0

Action                   |  1- 3 |  4- 6 |  7- 9 || total
-------------------------+-------+-------+-------++-------
Melee: Mace              |    54 |   102 |   110 ||   266
 Fire: Greatsling        |       |       |     3 ||     3
Throw: Stone             |       |       |     1 ||     1
 Cast: Sting             |     7 |     4 |    33 ||    44
  Use: Potion            |     2 |     3 |     3 ||     8
       Scroll            |       |       |    13 ||    13
 Stab: Sleeping          |     4 |     6 |     3 ||    13
       Distracted        |       |     1 |       ||     1
  Eat: Bread ration      |     1 |     1 |     2 ||     4
       Chunk             |       |     1 |       ||     1
